 Dungeon Crawl Stone Soup version 0.32-a0-768-g0f6f1dd4b9 (webtiles) character file.

Game seed: 4951204246131900094

816 Griffin23 the Slasher (level 7, -5/63 HPs)
             Began as a Minotaur Fighter on Mar 18, 2024.
             Slain by an orc warrior
             ... wielding a +0 short sword
              (8 damage)
             ... on level 5 of the Dungeon.
             The game lasted 00:07:15 (4106 turns).

Griffin23 the Slasher (Minotaur Fighter)            Turns: 4106, Time: 00:07:16

Health: -5/63      AC: 10    Str: 23    XL:     7   Next: 62%
Magic:  6/6        EV:  8    Int:  8    God:
Gold:   132        SH:  0    Dex:  9    Spells: 6/6 levels left

rFire   . . .        a - +0 long sword
rCold   + . .        c - +0 buckler
rNeg    + . .        b - +0 scale mail
rPois   +            (helmet restricted)
rElec   .            v - +2 cloak {Stlth+}
rCorr   .            (no gloves)
SInv    .            (no boots)
Will    .....        w - amulet of regeneration Stlth
                     m - ring of poison resistance
HPRegen 1.10/turn    s - ring of Zofaareun {rC+ rN+ Int+3}
MPRegen 0.10/turn

%: no passive effects
@: confused
A: horns 2, retaliatory headbutt
a: no special abilities


You were on level 5 of the Dungeon.
You visited 1 branch of the dungeon, and saw 5 of its levels.

You collected 174 gold pieces.
You spent 42 gold pieces at shops.

Inventory:

Hand Weapons
 a - a +0 long sword (weapon)
Armour
 b - a +0 scale mail (worn)
 c - a +0 buckler (worn)
 v - a +2 cloak of stealth (worn)
Jewellery
 i - a ring of magical power
 j - an amulet of faith
 m - a ring of poison resistance (left hand)
 s - the ring of Zofaareun (right hand) {rC+ rN+ Int+3}
   (You took it off a kobold on level 3 of the Dungeon)

   [ring of protection from cold]

   Int+3:     It affects your intelligence (+3).
   rC+:       It protects you from cold.
   rN+:       It protects you from negative energy.
 w - an amulet of regeneration (around neck)
Wands
 p - a wand of flame (13)
 u - a wand of paralysis (8)
Scrolls
 e - 2 scrolls of identify {unknown}
 f - 4 scrolls of immolation {unknown}
 l - 2 scrolls of enchant weapon {unknown}
 n - a scroll of revelation {unknown}
 q - 4 scrolls of teleportation
 t - a scroll of fog {unknown}
Potions
 d - a potion of curing {unknown}
 g - a potion of magic {unknown}
 h - 2 potions of lignification {unknown}
 k - 2 potions of brilliance {unknown}
 o - a potion of ambrosia {unknown}
 r - a potion of resistance {unknown}


   Skills:
 + Level 6.0 Fighting
 * Level 6.3 Long Blades
 + Level 6.1 Armour
 + Level 6.0 Shields


You had 6 spell levels left.
You didn't know any spells.
Your spell library contained the following spells:

 Spells                   Type           Power      Damage    Failure   Level
 Shock                    Conj/Air       0%         1d3       77%         1
 Static Discharge         Conj/Air       0%         3-3/arc   88%         2
 Swiftness                Air            0%         N/A       98%         3
 Airstrike                Air            0%         2d(0-16)  100%        4
 Summon Lightning Spire   Summ/Air       0%         N/A       100%        4


Dungeon Overview and Level Annotations

Branches:
Dungeon (5/15)
 Temple: D:4-7

Altars:
Ashenzari
Zin

Shops:
D:3 ?   D:4 :


Innate Abilities, Weirdness & Mutations

You have a pair of horns on your head.
You reflexively headbutt those who attack you in melee.


Message History

You hear some strange, mumbled words.
A magic dart appears from out of thin air!
The magic dart hits you.
* * * LOW HITPOINT WARNING * * *
The orc warrior hits you but does no damage.
Things that are here:
a +0 hand axe; a +0 leather armour You are too confused!
You barely miss something.
You feel less confused. Something hits you.
* * * LOW HITPOINT WARNING * * *
Something hits you but does no damage. The orc warrior closely misses you.
You completely miss something. You headbutt something.
Something completely misses you. Something hits you but does no damage.
The orc warrior hits you with a +0 short sword.
* * * LOW HITPOINT WARNING * * *
Something hits you but does no damage.
You closely miss something.
You hear some strange, mumbled words.
You are confused.
The orc warrior closely misses you. Something hits you but does no damage.
You are too confused!
You completely miss something. Something hits you.
* * * LOW HITPOINT WARNING * * *
The orc warrior hits you but does no damage.
You hear some strange, mumbled words.
You are more confused.
You hit something but do no damage. Something hits you but does no damage.
The orc warrior hits you but does no damage.
Something completely misses you. Something hits you but does no damage.
The orc warrior hits you with a +0 short sword!
* * * LOW HITPOINT WARNING * * *
Something hits you but does no damage.
You see here a scroll labelled YCRY GATYDWEN.
You are too confused!
Sorry, you're not good enough to have a special ability.
You closely miss something.
The orc warrior hits you with a +0 short sword!
You die...

...........................
.. #........................
...#........................
......................#...
......<...............#...
.....>...................>?
...........##...###.....##.
......#....#....##...#.#...
.....###.......[@....###...
.#... .........)o.....#..##
##.# ..........†........ #
.. .......†......./.
.................
.#...............
##..............
#..#...........
#...............


You could see an orc warrior.

Vanquished Creatures
  Sigmund (D:3)
  Edmund (D:4)
  An ice beast (D:5)
  Crazy Yiuf (D:4)
  An orc priest (D:3)
  A bombardier beetle (D:4)
  A sleepcap (D:4)
  Natasha (thrice) (D:3)
  2 iguanas (D:4)
  2 orc wizards (D:4)
  2 adders (D:3)
  A shadow imp (D:5)
  3 dart slugs
  A ribbon worm (D:2)
  18 orcs
  6 bats
  5 endoplasms
  4 giant cockroaches
  10 goblins
  8 hobgoblins
  7 jackals
  4 quokkas (D:1)
  6 ball pythons
  A frilled lizard (D:2)
  7 kobolds
  6 rats
103 creatures vanquished.

Notes
Turn   | Place    | Note
-------+----------+-------------------------------------------
     0 | D:1      | Griffin23 the Minotaur Fighter began the quest for the Orb.
     0 | D:1      | Reached XP level 1. HP: 19/19 MP: 0/0
   153 | D:1      | Reached XP level 2. HP: 27/27 MP: 1/1
   336 | D:1      | Reached XP level 3. HP: 33/33 MP: 2/2
  1412 | D:3      | Found Culoatt's Magic Scroll Emporium.
  1422 | D:3      | Bought a scroll of teleportation for 42 gold pieces
  1477 | D:3      | Reached XP level 4. HP: 41/41 MP: 3/3
  1845 | D:3      | Identified the ring of Zofaareun {rC+ rN+ Int+3}
  1873 | D:3      | Found a broken altar of Ashenzari.
  1892 | D:3      | Noticed Sigmund
  1906 | D:3      | Killed Sigmund
  1907 | D:3      | Reached skill level 5 in Fighting
  1907 | D:3      | Reached skill level 5 in Armour
  1907 | D:3      | Reached skill level 5 in Shields
  1907 | D:3      | Reached XP level 5. HP: 20/48 MP: 4/4
  1907 | D:3      | Reached XP level 6. HP: 24/56 MP: 5/5
  2090 | D:3      | Noticed Natasha
  2099 | D:3      | Killed Natasha
  2212 | D:3      | Noticed Natasha
  2219 | D:3      | Killed Natasha
  2260 | D:3      | Noticed Natasha
  2270 | D:3      | Killed Natasha
  2596 | D:4      | Noticed Edmund
  2609 | D:4      | Killed Edmund
  2610 | D:4      | Reached skill level 5 in Long Blades
  2709 | D:4      | Reached XP level 7. HP: 44/62 MP: 6/6
  3175 | D:4      | Found a glowing silver altar of Zin.
  3361 | D:4      | Found Xauna's Book Boutique.
  3500 | D:4      | Found a runed translucent door.
  3501 | D:4      | Noticed Crazy Yiuf
  3865 | D:4      | Killed Crazy Yiuf
  4014 | D:5      | Entered Level 5 of the Dungeon
  4105 | D:5      | HP: 2/63 [orc warrior/+0 short sword (10)]
  4106 | D:5      | Slain by an orc warrior

Illustrated notes

Levels and vault maps discovered:
D:1:      ebering_trefoil_3fold, layout_basic, chequers_decorated_corner
D:2:      layout_loops_ring
D:3:      layout_loops_ring, mainiacjoe_overflow_surrounded_room, serial_shops,
          shop, uniq_sigmund, uniq_natasha
D:4:      nicolae_cairo_tiling_large_dashed, layout_loops_cross,
          mainiacjoe_overflow_alcove_1, serial_shops, kennysheep_little_box,
          dk_noncrumbling_3, kennysheep_generic_room_3, uniq_edmund,
          uniq_crazy_yiuf_cottage
D:5:      layout_cave_pools, mainiacjoe_overflow_divided_tiny, serial_shops,
          shop, kennysheep_nondescript, dk_noncrumbling_4

Skill      XL: |  1  2  3  4  5  6  7 |
---------------+----------------------+-----
Fighting       | 4 5 6 |  6.0
Armour         | 4 5 6 |  6.1
Shields        | 4 5 6 |  6.0
Long Blades    | 3 4 5 6 |  6.3

Action                     |  1- 3 |  4- 6 |  7- 9 || total
---------------------------+-------+-------+-------++-------
  Melee: Long sword        |   125 |    82 |   116 ||   323
         Headbutt          |    13 |    13 |    16 ||    42
    Use: Potion            |       |     1 |       ||     1
 Armour: Scale mail        |    87 |    61 |   168 ||   316
  Dodge: Dodged            |    65 |    26 |    53 ||   144
  Block: Buckler           |    20 |    17 |    18 ||    55

Table legend: (Time is in decaauts)
 A = Elapsed time spent in this place.
 B = Non-inter-level travel time spent in this place.
 C = Inter-level travel time spent in this place.
 D = Time resting spent in this place.
 E = Time spent auto-exploring this place.
 F = Levels seen in this place.
 G = Mean time per level.
                   A        B        C        D        E       F      G
               +--------+--------+--------+--------+--------+-----+--------+
         Total |   4173 |   3873 |    300 |    491 |   2632 |   5 |  834.6 |
       Dungeon |   4173 |   3873 |    300 |    491 |   2632 |   5 |  834.6 |
               +--------+--------+--------+--------+--------+-----+--------+

Top non-repeatable levels by time:
     D:4: 1435 daAuts
     D:3: 1198 daAuts
     D:2: 735 daAuts
     D:1: 709 daAuts
     D:5: 95 daAuts
